Description

I end the build order once Her0 starts messing with Harstem to slow him down. The timings here are ideal, and of course when you face Her0 you are not going to be handed those timings without a fight.

The plan after the immortal is to get a warp prism, and all in with stalkers + immortal + sentry + warp prism.

VOD

https://www.youtube.com/watch?v=4ZW3Zueeu64

Build Order

Get SALT Encoding   

  14  0:17  Pylon  
  16  0:37  Gateway  
  17  0:46  Assimilator  
  18  0:56  Assimilator  
  19  1:08  Gateway  (Send this probe to build proxy pylon)
  21  1:24  Cybernetics Core  
  22  1:34  Pylon  Proxy Pylon
  24  2:01  Robotics Facility, Warp Gate  
  24  2:04  Stalker  
  26  2:13  Stalker  
  28  2:19  Pylon  
  29  2:33  Stalker  
  31  2:38  Stalker  
  33  2:53  Immortal  
Spawning Tool Build Advisor. Get it on Overwolf

Go to:

Details

  • Created by: Woohoojin
  • Published on: Apr 21, 2026
  • Modified on: Apr 21, 2026
  • Patch: 5.0.11
  • Difficulty: Hard
Show
View Real Time Build Order
Export as new Build Order

Comments (0)

There are no comments. Be the first!

Create an account to comment!